 Dungeon Crawl Stone Soup version 0.28-a0-794-gafe8c5f9e9 (webtiles) character file.

Game seed: 78591461062147569

22865 gimp the Bludgeoner (level 13, -2/80 HPs)
             Began as a Gargoyle Artificer on Nov 5, 2021.
             Was a High Priest of Okawaru.
             Collided with a translucent stone wall (20 damage)
             ... caused by a wretched star
             ... in a Gauntlet.
             The game lasted 00:39:41 (20421 turns).

gimp the Bludgeoner (Gargoyle Artificer)           Turns: 20421, Time: 00:39:41

Health: -2/80      AC: 22    Str: 17 (20) XL:     13   Next: 3%
Magic:  13/13      EV: 10    Int:  8 (16) God:    Okawaru [*****.]
Gold:   400        SH:  4    Dex:  5 (10) Spells: 12/12 levels left

rFire   . . .      SeeInvis .   a - +3 hand axe (elec)
rCold   + . .      Faith    .   N - +0 buckler
rNeg    + . .      Spirit   .   O - +2 ring mail {rC+}
rPois   ∞          Reflect  .   R - +2 helmet {Int+3}
rElec   +          Harm     .   s - +0 cloak
rCorr   .          Rampage  .   l - +0 pair of gloves
Will    .....      NoTele   +   h - +0 pair of boots
Stlth   ..........              g - amulet of magic regeneration
HPRegen 0.23/turn               (no ring)
MPRegen 0.38/turn               (no ring)

@: no status effects
A: sickness immunity, AC +9, negative energy resistance 1, electricity
resistance, torment resistance 1, petrification resistance, [deformed body],
[deterioration 2], [low mp 3]
a: Renounce Religion, Heroism, Finesse, Duel


You were in a Gauntlet.
You worshipped Okawaru.
Okawaru was extremely pleased with you.
You visited 3 branches of the dungeon, and saw 14 of its levels.
You also visited: Sewer, Bailey and Gauntlet.

You collected 735 gold pieces.
You spent 335 gold pieces at shops.

Inventory:

Hand Weapons
 a - a +3 hand axe of electrocution (weapon)
 b - the +10 spear of the Leaping Wolf {venom, rC+++ Str-4 Int+8}
   (You found it on level 4 of the Dungeon)

   It poisons the flesh of those it strikes.
   Str:       It affects your strength (-4).
   Int:       It affects your intelligence (+8).
   rC:        It renders you almost immune to cold.
Missiles
 w - a throwing net
 U - 2 curare-tipped darts
Armour
 h - a +0 pair of boots (worn)
 l - a +0 pair of gloves (worn)
 s - a +0 cloak (worn)
 v - a scarf of resistance
 I - a +0 plate armour
 N - a +0 buckler (worn)
 O - a +2 ring mail of cold resistance (worn)
 R - a +2 helmet of intelligence (worn)
 W - a +0 kite shield
Jewellery
 g - an amulet of magic regeneration (around neck)
 X - a ring of fire
Wands
 c - a wand of flame (12)
 d - a wand of charming (10)
 f - a wand of polymorph (11)
 E - a wand of iceblast (15)
 H - a wand of digging (5)
 M - a wand of mindburst (27) (quivered)
 Q - a wand of paralysis (12)
 Z - a wand of acid (2)
Scrolls
 i - 3 scrolls of enchant weapon
 j - 3 scrolls of teleportation
 k - 4 scrolls of vulnerability
 q - 5 scrolls of enchant armour
 r - a scroll of blinking
 u - 2 scrolls of fog
 L - a scroll of magic mapping
 P - a scroll of holy word
 S - a scroll of fear
 V - a scroll of brand weapon {unknown}
Potions
 m - a potion of degeneration
 n - 3 potions of curing
 p - 3 potions of invisibility
 t - 2 potions of attraction
 x - 2 potions of heal wounds
 z - 2 potions of flight {unknown}
 A - a potion of resistance {unknown}
 B - 2 potions of brilliance {unknown}
 C - 3 potions of mutation
 F - a potion of magic
 G - 2 potions of might
 J - 4 potions of haste {unknown}
 K - 3 potions of cancellation
 T - a potion of berserk rage {unknown}
 Y - a potion of lignification {unknown}
Miscellaneous
 e - a piece from Xom's chessboard (13/15)
 o - a condenser vane


   Skills:
 - Level 9.0 Fighting
 * Level 15.0 Maces & Flails
 - Level 7.0 Armour
 - Level 1.0 Dodging
 - Level 1.1 Stealth
 + Level 7.2 Shields
 + Level 8.6 Invocations
 - Level 5.3 Evocations


You had 12 spell levels left.
You didn't know any spells.
Your spell library contained the following spells:

 Spells                   Type           Power      Damage    Failure   Level
 Blade Hands              Tmut           0%         N/A       100%        5
 Dragon Form              Tmut           0%         N/A       100%        7
 Borgnjor's Revivificati  Necr           0%         N/A       100%        8
 Necromutation            Tmut/Necr      0%         N/A       100%        8
 Death's Door             Necr           0%         N/A       100%        9


Dungeon Overview and Level Annotations

Branches:
Dungeon (11/15)            Temple (1/1) D:7            Lair (2/6) D:8
 Spider (0/4) Lair:2          Orc (0/2) D:9           Sewer (visited)
 Bailey (visited)         Gauntlet (1/1)
  Swamp: Lair:2-4    Shoals: Lair:2-4

Altars:
Ashenzari
Cheibriados
Dithmenos
Elyvilon
Fedhas
Gozag
Hepliaklqana
Kikubaaqudgha
Makhleb
Nemelex Xobeh
Okawaru
Qazlal
Ru
Sif Muna
Trog
Uskayaw
Vehumet
Wu Jian
Xom
Yredelemnul
Zin
The Shining One

Shops:
D:3 :((?[   D:4 *   D:11 ?

Annotations:
Gauntlet 10 transporters


Innate Abilities, Weirdness & Mutations

You are immune to sickness and miasma.
Your stone body is resilient. (AC +9)
You are immune to poison.
You resist negative energy. (rN+)
You are resistant to electric shocks. (rElec)
You are resistant to unholy torment.
You are immune to petrification.
[Armour fits poorly on your strangely shaped body.]
[Your body often deteriorates upon taking damage.]
[Your magical capacity is extremely low. (-30% MP)]


Message History

You take 26 damage, and have 36/80 hp.
MASSIVE DAMAGE!!
You are too injured to fight recklessly!
You hit the neqoxec but do no damage.
The neqoxec is moderately wounded.
The wretched star pulses with an eldritch light!
Your body twists and deforms.
You feel less energetic.
You now have 13/13 mp.
You barely miss the neqoxec.
The neqoxec is moderately wounded.
The neqoxec hits you but does no damage.
You hit the neqoxec.
The neqoxec is heavily wounded.
You hit the wretched star but do no damage.
The neqoxec hits you.
You take 2 damage, and have 35/80 hp.
You closely miss the neqoxec.
The neqoxec is heavily wounded.
You hit the wretched star but do no damage.
The neqoxec hits you but does no damage.
You hit the neqoxec. Lightning courses through the neqoxec!
The neqoxec is almost dead.
You hit the wretched star.
The wretched star glows turbulently.
The lance of force hits you!
* * * LOW HITPOINT WARNING * * *
Your body deteriorates!
You feel weakened.
You are knocked back by the lance of force.
You slam into the translucent stone wall!
* * * LOW HITPOINT WARNING * * *
Your body deteriorates!
You feel clumsy.
The neqoxec hits you but does no damage.
You take 26 damage, and have 9/80 hp.
MASSIVE DAMAGE!!
You feel much better.
The wretched star glows turbulently.
The lance of force hits you!
* * * LOW HITPOINT WARNING * * *
Your body deteriorates!
You feel clumsy.
You are knocked back by the lance of force.
You slam into the translucent stone wall!
You die...

#8#..#.3.###...#...#Y≈.≈≈.
###..#3#...###.#...#Y.≈...
#..#.###©..#.#...#≈..≈©≈
###..#...###...#...#.≈.≈≈≈
#8#..#.#...#.#.#...#.≈≈...
###..#.#.#...#.#...#.≈..Y≈
#..#...3©!(..#...#YwYYYY
###..###########...#######
#8#.....#@*.#....§........
###...8.#.3.#..§§8≈.......
#.....#.©.#..§.§........
###..###########...#######
#8#..#...xxXx..#...#......
###..#.#.#X#.#.#...#..##.#
#..#..#.#.#..#...#.#..#.
###..#.#.#.#.#.#...#.#..#©
#8#..#X.#.©.#.X#...#..####


You could see a wretched star, 2 large abominations, 2 neqoxecs and 3 small
abominations.

Vanquished Creatures
  2 hydras
  5 two-headed ogres
  A tengu warrior (D:11)
  Pikel (D:4)
  2 orc knights (Bailey)
  A cyclops (D:8)
  A manticore (D:11)
  A gargoyle (D:11)
  Joseph (D:7)
  A komodo dragon (Lair:1)
  A cane toad (Lair:1)
  A kobold demonologist (D:9)
  A rime drake (Lair:2)
  An efreet (D:9)
  5 trolls
  A polar bear (Lair:2)
  A shadow (D:10)
  35 yaks
  Eustachio (D:6)
  A steam dragon (D:9)
  Menkaure (D:7)
  5 water moccasins
  Duvessa (D:7)
  7 orc warriors
  3 ice beasts
  A sky beast (D:6)
  4 centaurs
  3 ogres
  A necrophage (D:5)
  19 wolves
  A phantom (D:6)
  A lemure (D:4)
  5 kobold brigands (D:9)
  6 gnoll sergeants
  A bullfrog (Lair:1)
  3 scorpions (D:5)
  Dowan (D:7)
  12 killer bees
  3 wights (D:4)
  4 centaur zombies
  3 electric eels (D:8)
  3 jellies
  5 hounds
  A bullfrog zombie (D:6)
  2 centaur skeletons
  An orc priest (D:6)
  2 gnoll shamans
  4 iguanas
  9 orc wizards
  A killer bee zombie (D:8)
  Robin (D:4)
  A howler monkey skeleton (D:7)
  2 howler monkey zombies
  36 gnolls
  2 river rats (D:6)
  12 adders
  A shadow imp (D:8)
  An ufetubus (D:7)
  A worm (D:6)
  5 dart slugs
  29 orcs
  12 ball pythons
  6 endoplasms
  7 giant cockroaches
  29 goblins
  11 hobgoblins
  6 jackals (Sewer)
  5 quokkas
  11 bats
  8 frilled lizards
  25 kobolds
  2 rats
390 creatures vanquished.

Vanquished Creatures (collateral kills)
  A giant cockroach (D:1)
  A goblin (D:4)
2 creatures vanquished.

Vanquished Creatures (others)
  An orc wizard (D:10)
  An orc (D:10)
  A hobgoblin (D:1)
  2 fungi (Lair:2)
  18 plants
  6 withered plants
29 creatures vanquished.

Grand Total: 421 creatures vanquished

Notes
Turn   | Place    | Note
-------+----------+-------------------------------------------
     0 | D:1      | gimp the Gargoyle Artificer began the quest for the Orb.
     0 | D:1      | Reached XP level 1. HP: 12/12 MP: 1/1
   485 | D:1      | Reached XP level 2. HP: 15/16 MP: 2/2
   670 | D:1      | Found a faded altar of an unknown god.
  1079 | D:1      | Reached XP level 3. HP: 19/21 MP: 3/3
  2239 | D:2      | Reached XP level 4. HP: 22/27 MP: 4/4
  2314 | D:2      | You fall into a shaft and drop 2 floors!
  2331 | D:4      | Identified the +10 spear of the Leaping Wolf {venom, rC+++
                  | Str-4 Int+8}
  2662 | D:4      | Reached XP level 5. HP: 29/32 MP: 5/5
  3095 | D:3      | Found Jocvoc's Weapon Shoppe.
  3161 | D:3      | Found Ysaap's Armour Shop.
  3169 | D:3      | Bought a +0 pair of boots for 63 gold pieces
  3169 | D:3      | Bought a +0 cloak for 63 gold pieces
  3801 | D:3      | Found a burning altar of Makhleb.
  3947 | D:3      | Found Jocvewk's Antique Weapon Shoppe.
  3967 | D:3      | Reached skill level 5 in Evocations
  3967 | D:3      | Reached XP level 6. HP: 32/37 MP: 6/6
  4098 | D:3      | Found Mearif's Magic Scroll Shop.
  4208 | D:3      | Bought a scroll of magic mapping for 38 gold pieces
  4353 | D:3      | Found Podaedum's Book Boutique.
  4538 | D:4      | Noticed Robin
  4679 | D:4      | Reached skill level 1 in Maces & Flails
  4854 | D:4      | Reached skill level 2 in Maces & Flails
  4975 | D:4      | Reached XP level 7. HP: 41/41 MP: 7/7
  4990 | D:4      | Found Lubriut's General Store.
  5004 | D:4      | Noticed Pikel
  5039 | D:4      | Killed Pikel
  5040 | D:4      | Reached skill level 4 in Maces & Flails
  5040 | D:4      | Reached XP level 8. HP: 36/48 MP: 8/8
  5256 | D:4      | Identified the +12 dagger "Fehuymyrgh" {elec, Int+7}
  5361 | D:4      | Killed Robin
  5692 | D:5      | Entered Level 5 of the Dungeon
  5828 | D:5      | Reached skill level 5 in Fighting
  5828 | D:5      | Reached skill level 5 in Maces & Flails
  5828 | D:5      | Reached skill level 5 in Armour
  5925 | D:3      | Bought a scroll of teleportation for 33 gold pieces
  6381 | D:5      | Reached skill level 6 in Maces & Flails
  6580 | D:5      | Reached XP level 9. HP: 54/54 MP: 9/9
  6738 | D:4      | Reached skill level 7 in Maces & Flails
  6770 | D:4      | Bought a potion of might for 56 gold pieces
  6873 | D:6      | Noticed Eustachio
  6884 | D:6      | Killed Eustachio
  7036 | D:6      | Found a glowing drain.
  7041 | Sewer    | Entered a sewer
  8030 | D:6      | Reached skill level 8 in Maces & Flails
  8102 | D:6      | Reached skill level 1 in Dodging
  8420 | D:6      | Reached skill level 1 in Shields
  8472 | D:6      | Reached skill level 9 in Maces & Flails
  8684 | D:6      | Reached XP level 10. HP: 25/60 MP: 10/10
  9126 | D:7      | Found a flagged portal.
  9165 | Bailey   | Entered a bailey
  9267 | Bailey   | Noticed an orc knight
  9289 | Bailey   | Killed an orc knight
  9506 | Bailey   | Noticed an orc knight
  9527 | Bailey   | Killed an orc knight
  9528 | Bailey   | Reached skill level 10 in Maces & Flails
 10045 | D:7      | Found a staircase to the Ecumenical Temple.
 10072 | Temple   | Entered the Ecumenical Temple
 10244 | Temple   | Became a worshipper of Warmaster Okawaru
 10575 | D:7      | Reached skill level 1 in Invocations
 10577 | D:7      | Found a glowing silver altar of Zin.
 10799 | D:7      | Noticed Menkaure
 10809 | D:7      | Killed Menkaure
 10907 | D:7      | Noticed Joseph
 10934 | D:7      | Killed Joseph
 11064 | D:7      | Found a sacrificial altar of Ru.
 11313 | D:7      | Noticed Dowan
 11314 | D:7      | Noticed Duvessa
 11324 | D:7      | Killed Dowan
 11325 | D:7      | Reached skill level 11 in Maces & Flails
 11341 | D:7      | Killed Duvessa
 11341 | D:7      | Reached * piety under Okawaru
 11935 | D:8      | Found a glowing golden altar of the Shining One.
 12036 | D:8      | Reached XP level 11. HP: 22/68 MP: 13/13
 12283 | D:8      | Reached ** piety under Okawaru
 12294 | D:8      | Found a staircase to the Lair.
 13036 | D:8      | Noticed a cyclops
 13046 | D:8      | Killed a cyclops
 13046 | D:8      | Reached *** piety under Okawaru
 13047 | D:8      | Reached skill level 12 in Maces & Flails
 13523 | D:9      | Found a staircase to the Orcish Mines.
 13565 | D:9      | Noticed a sun demon
 13938 | D:9      | Reached skill level 5 in Invocations
 14324 | D:9      | Found a hazy altar of Hepliaklqana.
 14676 | D:10     | Entered Level 10 of the Dungeon
 14676 | D:10     | Noticed a two-headed ogre
 14719 | D:9      | Killed a two-headed ogre
 15052 | D:10     | Noticed a two-headed ogre
 15063 | D:10     | Killed a two-headed ogre
 15063 | D:10     | Reached **** piety under Okawaru
 15064 | D:10     | Reached skill level 13 in Maces & Flails
 15242 | D:10     | Got the Catalogue of Transformation
 15494 | D:10     | Reached XP level 12. HP: 45/76 MP: 16/16
 15793 | D:10     | Found an ornate altar of the Wu Jian Council.
 16367 | D:11     | Noticed a two-headed ogre
 16489 | D:11     | Killed a two-headed ogre
 16490 | D:11     | Reached skill level 5 in Shields
 16498 | D:11     | Reached ***** piety under Okawaru
 17160 | D:11     | Noticed a two-headed ogre
 17189 | D:11     | Killed a two-headed ogre
 17559 | D:11     | Found Cilikir's Magic Scroll Shop.
 17566 | D:11     | Bought a scroll of magic mapping for 52 gold pieces
 17566 | D:11     | Bought a scroll of fog for 30 gold pieces
 17679 | D:11     | Noticed a tengu warrior
 17706 | D:11     | Killed a tengu warrior
 17801 | D:11     | Noticed a seven-headed hydra
 17840 | D:11     | Reached skill level 14 in Maces & Flails
 17858 | D:11     | Killed an eight-headed hydra
 18108 | D:11     | Noticed a two-headed ogre
 18149 | D:11     | Killed a two-headed ogre
 18656 | Lair:1   | Entered Level 1 of the Lair of Beasts
 18678 | D:8      | Received a gift from Okawaru
 18955 | Lair:1   | Noticed a four-headed hydra
 19480 | D:8      | Killed a four-headed hydra
 19801 | Lair:1   | You fall into a shaft and drop 1 floor!
 19937 | Lair:2   | Found a gate leading to a gauntlet.
 19973 | Lair:2   | Reached XP level 13. HP: 21/80 MP: 19/19
 19992 | Lair:2   | Reached skill level 15 in Maces & Flails
 20019 | Gauntlet | Entered a Gauntlet
 20019 | Gauntlet | Found a transporter.
 20019 | Gauntlet | Found a transporter.
 20019 | Gauntlet | Found a transporter.
 20019 | Gauntlet | Found a transporter.
 20196 | Gauntlet | Found a transporter.
 20203 | Gauntlet | Found a transporter.
 20209 | Gauntlet | Found a transporter.
 20210 | Gauntlet | Found a transporter.
 20232 | Gauntlet | Found a transporter.
 20237 | Gauntlet | Found a transporter.
 20254 | Gauntlet | Found a transporter.
 20340 | Gauntlet | Found a transporter.
 20421 | Gauntlet | Collided with a translucent stone wall

Illustrated notes

Levels and vault maps discovered:
D:1:      minmay_arrival_split_and_join, layout_basic,
          shapermc_ecumenical_altar_flowoftime, corexii_item_surrounded_by_moat,
          minmay_misc_feat_square, roderic_malta_cross, minmay_tetromino_t4
D:2:      layout_basic, serial_bayou_pond_a
D:3:      layout_loops_corners, bloody_makhleb, serial_shops,
          nicolae_shop_stone, shop, shop, nicolae_shop_overgrown_old_shop, shop,
          st_stairs_5
D:4:      layout_basic, serial_shops, shop_fountains, st_stairs_12, uniq_robin,
          uniq_pikel
D:5:      layout_gridville, minmay_increasing_density
D:6:      layout_loops_ring, gup_sewer_entry_spiral, uniq_eustachio
D:7:      layout_basic, nicolae_ru_awakened_eye,
          mainiacjoe_overflow_concentric_impassable,
          minmay_temple_entry_crystal_x, serial_corexii_hall,
          corexii_hall_statues_x, chequers_hall_statues_corner_a,
          enter_bailey_3, chequers_decorated_corner, uniq_joseph, uniq_menkaure,
          uniq_duvessa
D:8:      layout_basic, nicolae_tso_carved_into_rock, erik_lair_island
D:9:      layout_long_grid, mainiacjoe_overflow_alcove_4,
          kennysheep_orc_monster_closet_entryway
D:10:     layout_loops_corners, nzn_wu_jian_council_hall,
          hangedman_abyss_or_decor_jellyfish_corner,
          kennysheep_decorative_pillar, chequers_serial_rivers_micro_d
D:11:     layout_basic, serial_shops, shop
Temple:   regret_index_temple_sphere_string
Lair:1:   layout_cave_shapes, minivault_11, lemuel_fruit_tree
Lair:2:   layout_gridlike, nicolae_spider_entry_orb_guardian,
          gammafunk_ghost_hydra_chop, gauntlet_entry_generic,
          beast_lair_carwin_11, uniq_nergalle
Gauntlet: gammafunk_gauntlet_shortcut [nicolae_gauntlet_arena_grate_2,
          gammafunk_gauntlet_arena_grid, nicolae_gauntlet_arena_flowing_pool,
          gammafunk_gauntlet_arena_mazey, nicolae_gauntlet_arena_x,
          nicolae_gauntlet_arena_quarters, gauntlet_exit_hidden_loot]

Skill      XL: |  1  2  3  4  5  6  7  8  9 10 11 12 13 |
---------------+----------------------------------------+-----
Evocations     | 3 4 5 |  5.3
Fighting       | 2 3 4 5 6 7 9 |  9.0
Armour         | 3 4 6 7 |  7.0
Maces & Flails | 2 4 6 9 11 13 14 15 | 15.0
Dodging        | 1 |  1.0
Shields        | 3 4 7 |  7.2
Invocations    | 3 6 8 |  8.6
Stealth        | |  1.1

Action                   |  1- 3 |  4- 6 |  7- 9 | 10-12 | 13-15 || total
-------------------------+-------+-------+-------+-------+-------++-------
Melee: Dagger            |   174 |    13 |       |       |       ||   187
       Club              |    12 |       |       |       |       ||    12
       Spear             |       |   145 |   248 |   554 |    24 ||   971
       Hand axe          |       |       |     4 |   322 |     7 ||   333
Invok: Heroism           |       |       |       |     3 |       ||     3
Evoke: Wand              |     1 |     4 |       |    16 |       ||    21
       Piece from Xom's  |     1 |     1 |       |    11 |       ||    13
       Condenser vane    |       |       |       |     2 |       ||     2
  Use: Scroll            |     2 |     6 |     3 |     7 |       ||    18
       Potion            |       |       |     1 |       |     6 ||     7
 Stab: Sleeping          |     2 |     6 |     4 |       |       ||    12
       Confused          |       |       |       |     2 |       ||     2
       Paralysed         |       |       |       |    19 |       ||    19
Armor: Leather armour    |    63 |    47 |    84 |    32 |       ||   226
       Ring mail         |       |       |       |   471 |    20 ||   491
       Plate armour      |       |       |       |    71 |       ||    71
Dodge: Dodged            |    98 |    75 |   104 |   430 |    16 ||   723
Block: Buckler           |       |       |     3 |   229 |     5 ||   237

Table legend: (Time is in decaauts)
 A = Elapsed time spent in this place.
 B = Non-inter-level travel time spent in this place.
 C = Inter-level travel time spent in this place.
 D = Time resting spent in this place.
 E = Time spent auto-exploring this place.
 F = Levels seen in this place.
 G = Mean time per level.
                   A        B        C        D        E       F      G
               +--------+--------+--------+--------+--------+-----+--------+
         Total |  20687 |  19719 |    968 |   2071 |  13153 |  17 | 1216.9 |
       Dungeon |  17988 |  17049 |    939 |   1643 |  11763 |  11 | 1635.3 |
        Temple |    200 |    173 |     27 |      0 |    157 |   1 |  200.0 |
          Lair |    692 |    690 |      2 |      0 |    358 |   2 |  346.0 |
         Sewer |    712 |    712 |      0 |      0 |    601 |   1 |  712.0 |
        Bailey |    692 |    692 |      0 |    428 |     56 |   1 |  692.0 |
      Gauntlet |    400 |    400 |      0 |      0 |    218 |   1 |  400.0 |
               +--------+--------+--------+--------+--------+-----+--------+

Top non-repeatable levels by time:
    D:11: 2546 daAuts
     D:8: 2184 daAuts
     D:7: 1697 daAuts
     D:4: 1661 daAuts
     D:6: 1567 daAuts
     D:9: 1555 daAuts
     D:3: 1552 daAuts
     D:1: 1475 daAuts
     D:5: 1321 daAuts
     D:2: 1228 daAuts
    D:10: 1197 daAuts
   Sewer: 712 daAuts
  Bailey: 692 daAuts
  Lair:1: 479 daAuts
Gauntlet: 400 daAuts
